AoeStats
← Quaresma

Black Forest

509900370Analyzed
3v3 RM · 3d ago on Sep 28, 2026· 41m 33s· 6 players
Game mode
Random Map
Map size
Normal (6 player)
Population
200
Speed
Normal
Resources
Standard
Victory
Conquest
Starting age
Dark Age
Ending age
Imperial Age
RankedLock teamsTeams togetherTeam positionsShared explorationLock speedFull tech treeHidden civsTurbo modeCheats
Victory
Defeat
🇨🇳 Franks · China
1013
+16
🇺🇸 Byzantines · United States
1004
+16
🇨🇳 Spanish · China
974
+17
🇮🇹 Huns · Italy
1038
-18
🇹🇷 Spanish · Türkiye
1029
-17
🇦🇷 Poles · Argentina
954
-14
Uncle_Buck
7:36 Loom
12:37 Feudal Age
17:25 Castle Age
16:17 Double-Bit Axe
16:51 Horse Collar
28:34 Wheelbarrow
32:27 Imperial Age
32:01 Fortified Wall
31:48 Pikeman
34:15 Chemistry
32:58 Elite Skirmisher
36:33 Halberdier
3014476703
10:35 Feudal Age
11:16 Double-Bit Axe
17:25 Castle Age
15:21 Double-Bit Axe
21:39 Forging
21:42 Gambesons
21:20 Pikeman
23:45 Iron Casting
27:41 Wheelbarrow
27:52 Bow Saw
33:29 Hand Cart
36:32 Imperial Age
34:54 Husbandry
35:03 Scale Barding Armor
35:18 Masonry
35:20 Fortified Wall
35:25 Gold Mining
36:47 Cavalier
37:49 Chain Barding Armor
38:29 Blast Furnace
37:39 Caravan
38:14 Paladin
39:41 Plate Barding Armor
41:58 Hand Cart
Joker_xuechen
0:56 Loom
12:41 Feudal Age
14:31 Horse Collar
19:43 Castle Age
19:39 Scale Barding Armor
21:53 Double-Bit Axe
25:49 Heavy Plow
27:19 Fletching
29:11 Wheelbarrow
31:27 Bow Saw
32:11 Gold Mining
32:45 Bloodlines
32:51 Town Watch
35:50 Imperial Age
33:42 Forging
34:03 Husbandry
34:27 Chain Barding Armor
36:32 Iron Casting
36:08 Cavalier
37:24 Conscription
38:23 Plate Barding Armor
41:25 Blast Furnace
_phlebas_
0:36 Loom
11:26 Feudal Age
18:43 Castle Age
17:29 Double-Bit Axe
17:41 Gold Mining
18:38 Scale Barding Armor
19:05 Forging
20:59 Bloodlines
21:17 Chain Barding Armor
23:02 Iron Casting
24:26 Husbandry
26:32 Padded Archer Armor
26:22 Fletching
27:20 Horse Collar
28:07 Bow Saw
29:03 Fletching
29:13 Padded Archer Armor
30:27 Thumb Ring
30:56 Bodkin Arrow
31:21 Leather Archer Armor
33:17 Wheelbarrow
35:29 Heavy Plow
39:06 Imperial Age
40:00 Masonry
41:11 Heavy Cavalry Archer
Quaresma
0:29 Loom
14:59 Feudal Age
17:01 Double-Bit Axe
20:20 Castle Age
18:18 Horse Collar
18:26 Double-Bit Axe
19:21 Stone Mining
19:25 Gold Mining
28:35 Husbandry
30:59 Town Watch
33:45 Wheelbarrow
35:45 Scale Barding Armor
38:39 Chain Barding Armor
38:29 Forging
38:51 Bow Saw
39:12 Pikeman
39:52 Squires
Julianm93
2:39 Loom
10:18 Feudal Age
11:02 Double-Bit Axe
16:53 Castle Age
15:57 Stone Mining
23:16 Squires
25:10 Ballistics
28:24 Wheelbarrow
27:50 Horse Collar
31:29 Imperial Age
29:44 Masonry
29:56 Murder Holes
32:39 Thumb Ring
33:50 Chemistry
34:00 Treadmill Crane
34:34 Heavy Plow
34:42 Caravan
35:38 Conscription
35:22 Gold Mining
37:06 Heavy Mounted Crossbowman
37:44 Fletching
38:00 Scale Barding Armor
Connection lost

Rejoining the realm…

Still unreachable

The connection could not be restored.

Session expired

The server has moved on; the page needs a fresh start.